 Dungeon Crawl Stone Soup version 0.17.1-1-g73c8601 (console) character file.

114 Kloppie the Skirmisher (level 5, -4/43 HPs)
             Began as a Formicid Fighter on Dec 13, 2015.
             Slain by an ogre
             ... wielding a +0 giant club
              (19 damage)
             ... on level 4 of the Dungeon.
             The game lasted 00:03:17 (1478 turns).

Kloppie the Skirmisher (Formicid Fighter)           Turns: 1478, Time: 00:03:17

Health: -4/43      AC:  8    Str: 27    XL:     5   Next: 18%
Magic:  5/5        EV:  8    Int:  7    God:
Gold:   112        SH: 10    Dex: 10    Spells: 0 memorised, 4 levels left

rFire  . . .     SeeInvis +     a - +0 war axe
rCold  . . .     Clarity  .     b - +0 scale mail
rNeg   . . .     SustAt   .     c - +0 shield
rPois  .         Gourm    .     (helmet unavailable)
rElec  .         Spirit   .     p - +0 cloak
rCorr  .         Warding  .     (no gloves)
rMut   .         Stasis   +     (no boots)
MR     .....                    (no amulet)
Stlth  ..........               (no ring)
                                (no ring)

@: mighty, not resistant to hostile enchantments, extremely unstealthy
A: permanent stasis, dig shafts and tunnels, four strong arms, antennae 3
a: Dig, Shaft Self


You were on level 4 of the Dungeon.
You were not hungry.

You visited 1 branch of the dungeon, and saw 4 of its levels.

You collected 112 gold pieces.

Inventory:

Hand Weapons
 a - a +0 war axe (weapon)
Armour
 b - a +0 scale mail (worn)
 c - a +0 shield (worn)
 p - a +0 cloak (worn)
Jewellery
 n - an uncursed amulet of clarity {unknown}
Scrolls
 f - a scroll of noise {unknown}
 j - 2 scrolls of remove curse {unknown}
 k - 3 scrolls of identify {unknown}
Potions
 g - 2 potions of brilliance {unknown}
 h - 3 potions of heal wounds {unknown}
 i - 2 potions of cancellation {unknown}
 q - a potion of flight {unknown}
 s - a potion of poison {unknown}
Comestibles
 e - 2 bread rations
 l - 2 meat rations
 m - a royal jelly
 o - a beef jerky
 r - 2 chunks of flesh


   Skills:
 + Level 4.8 Fighting
 + Level 3.7 Axes
 - Level 3.2 Armour
 - Level 3.6 Shields


You had 4 spell levels left.
You didn't know any spells.

Dungeon Overview and Level Annotations

Branches:
Dungeon (4/15)
 Temple: D:4-7

Altars:
Dithmenos
Nemelex Xobeh
Qazlal
Xom

Annotations:
D:3 DeXoteric's ghost, amateur OpTm; Grinder


Innate Abilities, Weirdness & Mutations

You are under a permanent stasis effect.
You can dig through walls and to a lower floor.
Your four strong arms can wield two-handed weapons with a shield.
You have a pair of large antennae on your head (SInv).


Message History

You slash the ogre!
The ogre is moderately wounded.
You hit the orc.
The orc is moderately wounded.
The ogre closely misses you. You block the orc's attack.
Drink which item? (? for menu, Esc to quit)
You feel very mighty all of a sudden. The orc hits you but does no damage.
The ogre hits you with a giant club!
* * * LOW HITPOINT WARNING * * *
You closely miss the ogre.
The ogre is moderately wounded.
You closely miss the orc.
The orc is moderately wounded.
The orc hits you but does no damage. You block the ogre's attack.
You hit the ogre.
The ogre is heavily wounded.
You slash the orc!
You kill the orc!
The ogre hits you with a giant club!!
You die...

.##.............
................
#..........## .
#>.....<....#..
#..............
#..#####......##
#####...#...#
...###.....!##.#.#
#...S@..### # ..
#.##O#### . ...
#..## .... ...#
... ..


You could see an ogre and a ball python.

Vanquished Creatures
  Robin (D:2)
  5 adders (D:2)
  A worm (D:2)
  2 giant geckos
  An orc (D:4)
  10 hobgoblins
  8 bats
  A giant cockroach (D:2)
  20 goblins
  4 kobolds (D:1)
  5 rats
58 creatures vanquished.

Notes
Turn   | Place    | Note
--------------------------------------------------------------
     0 | D:1      | Kloppie the Formicid Fighter began the quest for the Orb.
     0 | D:1      | Reached XP level 1. HP: 18/18 MP: 1/1
    60 | D:1      | Reached XP level 2. HP: 22/24 MP: 2/2
   627 | D:2      | Reached XP level 3. HP: 30/30 MP: 3/3
   668 | D:2      | Reached skill level 4 in Fighting
   680 | D:2      | Noticed Robin
   696 | D:2      | Killed Robin
   696 | D:2      | Reached XP level 4. HP: 19/38 MP: 4/4
   859 | D:2      | Found a sparkling altar of Nemelex Xobeh.
   862 | D:2      | Found a shadowy altar of Dithmenos.
   863 | D:2      | Found a shimmering altar of Xom.
  1043 | D:2      | Found a stormy altar of Qazlal.
  1089 | D:2      | Reached XP level 5. HP: 41/43 MP: 5/5
  1398 | D:3      | Noticed Grinder
  1398 | D:3      | Noticed DeXoteric's ghost (amateur OpTm)
  1470 | D:4      | Noticed an ogre
  1478 | D:4      | Slain by an ogre

Action                   |  1- 3 |  4- 6 || total
-------------------------+-------+-------++-------
Melee: War axe           |    73 |    73 ||   146
  Use: Potion            |       |     1 ||     1
  Eat: Chunk             |       |     2 ||     2
